Map: Oxide LE

Players

TopFivHotKys - Winner!

  • Race: Terran Terran
  • League: Master
  • Spawn Location: 7:00

gorkius

  • Race: Protoss Protoss
  • League: Platinum
  • Spawn Location: 1:00

VOD

Have the link to the VOD?

Description

Time

  • Played on: Nov. 26, 2020, 4:29 a.m.
  • Length: 23:54
Show
View Real Time Build Order
Export as new Build Order

TopFivHotKys Terran - Winner!

Build Orders: Mech 

Get SALT Encoding   

  12  0:01  SCV  
  13  0:14  SCV  
  13  0:21  Supply Depot  
  14  0:30  SCV  
  15  0:42  SCV  
  16  0:44  Barracks  
  16  0:54  Barracks  
  16  0:59  Refinery  
  16  1:03  SCV  
  17  1:11  Refinery  
  17  1:15  SCV  
  18  1:27  SCV  
  19  1:39  SCV  
  20  1:41  Supply Depot  
  20  1:42  Reaper  
  21  1:48  Marine  
  22  2:00  Factory  
  22  2:09  Bunker  
  22  2:10  Marine  
  23  2:16  SCV  
  24  2:28  Marine  
  24  2:29  Supply Depot  
  25  2:41  Bunker  
  25  2:48  Marine  
  26  3:00  SCV  
  27  3:06  Marine  
  29  3:12  SCV  
  28  3:23  Factory Reactor  
  28  3:24  Marine  
  28  3:25  Bunker  
  29  3:29  Armory  
  29  3:42  Marine  
  30  3:56  Supply Depot  
  30  4:00  Widow Mine, Marine  
  30  4:01  Widow Mine  
  35  4:22  Widow Mine  
  32  4:40  Factory  
  32  4:41  Factory  
  32  4:44  Widow Mine  
  32  4:58  Marine  
  33  5:05  Widow Mine  
  29  5:16  Marine  
  32  5:34  Marine  
  32  5:35  Factory Tech Lab  
  31  5:41  Command Center  
  31  5:43  Factory Tech Lab  
  29  5:51  Marine  
  30  6:09  Marine  
  31  6:19  Siege Tank  
  31  6:20  Siege Tank  
  35  6:27  Marine  
  35  6:28  Factory Tech Lab  
  36  6:33  Starport  
  30  7:12  Thor  
  34  7:24  Thor  
  34  7:29  Liberator  
  43  7:41  Engineering Bay  
  43  8:09  Siege Tank  
  43  8:12  Liberator  
  50  8:27  Fusion Core  
  49  8:47  Planetary Fortress  
  46  9:25  Starport Tech Lab  
  46  9:30  SCV  
  47  9:33  Planetary Fortress  
  47  9:42  SCV  
  48  9:50  Battlecruiser  
  51  9:54  SCV  
  51  9:59  Refinery  
  52  10:00  Refinery  
  52  10:06  Hellion x2, SCV  
  57  10:19  SCV  
  58  10:28  Hellion  
  60  10:38  Hellion  
  62  10:57  Supply Depot  
  62  10:58  Supply Depot  
  62  11:00  Supply Depot  
  63  11:18  SCV x2  
  64  11:30  SCV x2  
  66  11:39  Battlecruiser  
  72  11:42  SCV  
  73  11:55  SCV  
  74  12:16  SCV  
  75  12:28  SCV  
  72  12:43  Battlecruiser  
  78  12:44  Thor  
  84  13:06  SCV  
  84  13:08  SCV  
  86  13:19  SCV  
  85  13:20  Siege Tank  
  86  13:40  Supply Depot  
  86  13:43  Supply Depot  
  86  13:56  Supply Depot  
  86  13:57  Supply Depot  
  86  14:02  Battlecruiser  
  92  14:05  Siege Tank  
  95  14:23  Widow Mine x2  
  96  14:41  Siege Tank  
  96  14:44  Widow Mine  
  96  14:45  Widow Mine  
  98  15:06  Widow Mine x2  
  102  15:28  Thor x2  
  102  16:02  SCV  
  109  16:11  Thor  
  109  16:15  SCV  
  116  16:21  Command Center  
  116  16:31  Drilling Claws  
  116  16:52  Thor  
  115  17:29  Supply Depot  
  115  17:30  Supply Depot  
  115  17:33  Supply Depot, Thor  
  121  17:38  Barracks  
  89  18:36  Thor x2  
  89  18:37  Planetary Fortress  
  89  18:39  SCV  
  96  18:51  SCV  
  87  19:19  Thor  
  87  19:21  Refinery  
  87  19:22  SCV  
  87  19:23  Refinery  
  92  19:25  Thor  
  98  19:31  Supply Depot  
  98  19:32  Supply Depot  
  98  19:34  SCV  
  99  19:42  Starport x2  
  95  20:05  Factory  
  95  20:07  Factory  
  95  20:09  Thor  
  101  20:17  SCV  
  101  20:21  Missile Turret  
  102  20:23  Missile Turret  
  102  20:24  Missile Turret  
  102  20:35  Starport Reactor x2  
  102  21:29  Viking x4  
  102  21:32  Factory Tech Lab  
  110  21:33  Factory Tech Lab  
  110  21:35  Thor x2  
  122  21:55  Thor  
  128  22:24  Thor x2  
  128  22:25  Viking  
  128  22:26  Viking  
  144  22:51  Thor  
  150  22:58  Thor x7  
  150  22:59  Thor  
Show
View Real Time Build Order
Export as new Build Order

gorkius Protoss 

Build Orders:  

Get SALT Encoding   

  12  0:00  Probe  
  13  0:13  Probe  
  14  0:18  Pylon  
  14  0:25  Probe  
  15  0:37  Probe  
  15  0:41  Gateway  
  16  0:46  Assimilator  
  16  0:49  Probe (Chrono Boost)  
  17  0:58  Probe (Chrono Boost)  
  17  1:03  Probe (Chrono Boost)  
  19  1:15  Probe  
  20  1:27  Probe  
  20  1:29  Cybernetics Core  
  21  1:39  Pylon  
  21  1:45  Probe  
  22  1:57  Probe  
  22  2:01  Nexus  
  23  2:05  Adept (Chrono Boost)  
  25  2:13  Probe, Assimilator  
  26  2:16  Warp Gate  
  26  2:25  Probe  
  27  2:35  Gateway  
  27  2:37  Probe  
  27  3:00  Probe  
  28  3:18  Probe  
  29  3:28  Stalker (Chrono Boost)  
  33  3:37  Pylon, Stalker (Chrono Boost)  
  33  3:43  Probe, Robotics Facility  
  34  3:50  Stalker  
  36  3:57  Shield Battery  
  36  4:04  Pylon  
  36  4:13  Gateway  
  36  4:19  Stalker  
  35  4:42  Stalker  
  35  4:44  Observer (Chrono Boost)  
  38  4:48  Probe  
  36  5:11  Probe  
  37  5:15  Stalker x3  
  37  5:17  Observer  
  44  5:23  Probe  
  39  5:45  Probe, Immortal  
  40  6:33  Pylon  
  40  6:51  Probe  
  39  7:03  Probe  
  39  7:05  Stalker x2  
  39  7:06  Stalker  
  42  7:09  Immortal  
  42  7:15  Probe  
  47  7:24  Nexus  
  47  7:27  Probe  
  47  7:28  Pylon  
  47  7:30  Pylon  
  47  7:32  Pylon  
  47  7:46  Probe  
  47  7:48  Twilight Council  
  48  7:58  Probe  
  49  8:07  Forge  
  49  8:08  Forge  
  49  8:10  Probe  
  50  8:18  Stalker, Shield Battery  
  52  8:22  Probe  
  52  8:23  Stalker  
  48  8:44  Probe x2  
  50  8:56  Probe x2  
  52  9:08  Probe x2  
  54  9:11  Stalker x2  
  58  9:19  Blink (Chrono Boost)  
  58  9:20  Probe  
  59  9:24  Probe  
  52  9:43  Probe  
  52  9:44  Probe  
  52  9:45  Stalker  
  54  9:56  Probe x2  
  56  10:08  Probe x2  
  56  10:09  Protoss Ground Weapons Level 1 (Chrono Boost)  
  56  10:10  Protoss Ground Armor Level 1 (Chrono Boost)  
  58  10:16  Stalker  
  58  10:20  Probe x2  
  62  10:32  Probe x2  
  64  10:39  Assimilator  
  64  10:44  Probe  
  65  10:55  Warp Prism (Chrono Boost)  
  65  10:57  Nexus  
  65  11:00  Probe x2  
  69  11:11  Assimilator  
  69  11:12  Probe x2  
  69  11:16  Pylon  
  69  11:18  Pylon  
  71  11:29  Probe  
  72  11:40  Gateway  
  72  11:41  Gateway  
  72  11:43  Probe, Gateway  
  72  11:45  Gateway  
  66  11:58  Stalker x2  
  63  12:12  Probe  
  63  12:13  Probe  
  65  12:25  Probe  
  66  12:37  Probe, Stargate  
  67  12:39  Stargate  
  67  12:40  Stalker  
  67  12:41  Stalker  
  67  12:42  Probe  
  72  12:49  Probe  
  73  12:52  Probe  
  73  12:54  Probe  
  75  13:01  Probe  
  75  13:04  Probe  
  77  13:08  Probe  
  78  13:13  Probe  
  78  13:18  Stalker x3  
  78  13:32  Void Ray  
  78  13:33  Void Ray  
  78  13:34  Probe x3  
  89  13:41  Charge (Chrono Boost)  
  89  13:46  Probe x2  
  89  13:47  Probe  
  92  13:54  Pylon  
  92  13:58  Probe x2  
  94  14:10  Void Ray x2  
  102  14:19  Stalker x3  
  102  14:20  Stalker  
  102  14:21  Probe  
  102  14:23  Probe  
  90  14:47  Void Ray  
  86  15:02  Stalker x5  
  76  15:17  Stalker  
  76  15:18  Stalker  
  76  15:21  Void Ray  
  70  15:24  Void Ray  
  72  15:32  Immortal (Chrono Boost)  
  80  15:36  Probe  
  81  15:47  Stalker x3  
  87  15:52  Probe x2  
  89  16:04  Immortal  
  93  16:21  Probe  
  94  16:35  Nexus  
  94  16:38  Pylon  
  94  16:41  Pylon  
  93  16:57  Probe x2  
  95  17:04  Stalker  
  95  17:05  Stalker x2  
  101  17:09  Probe  
  101  17:11  Immortal  
  106  17:20  Probe  
  107  17:37  Nexus  
  107  17:40  Pylon  
  107  17:44  Robotics Facility  
  107  17:46  Robotics Facility  
  81  18:00  Stalker  
  81  18:01  Stalker x2  
  47  18:30  Stalker x2  
  47  18:31  Stalker  
  42  18:42  Void Ray  
  42  19:06  Probe x2  
  42  19:08  Probe  
  42  19:09  Zealot  
  29  19:21  Probe  
  30  19:28  Probe  
  30  19:47  Probe  
  31  19:56  Probe  
  32  20:03  Probe  
  32  20:04  Probe  
  34  20:12  Probe  
  35  20:15  Probe  
  36  20:25  Probe  
  36  20:26  Probe  
  38  20:42  Probe  
  39  20:47  Stalker x2  
  39  20:48  Stalker  
  35  21:05  Void Ray  
  29  21:45  Probe x2 (Chrono Boost)  
  31  21:49  Probe (Chrono Boost)  
  32  21:58  Probe (Chrono Boost)  
  32  22:01  Probe (Chrono Boost)  
  35  22:03  Probe (Chrono Boost)  
  35  22:05  Probe (Chrono Boost)  
  36  22:23  Probe x2  
  36  22:24  Probe  
  39  22:35  Probe x2  
  43  22:48  Stalker  
Tags
 
Composition
Mech
Matchup
PvT
Spawn Locations
Cross Positions
Add a new tag
Caveats
  • Supply blocks, unpowered buildings, or Contaminate may cause inaccurate times.
  • Supply counts are checked every 10 seconds.